 Dungeon Crawl Stone Soup version 0.28-a0-261-gc0b50483a2 (webtiles) character file.

Game seed: 6970016433119858530

15 Malachi the Skirmisher (level 2, -2/28 HPs)
             Began as a Naga Fighter on Aug 27, 2021.
             Slain by a ball python (3 damage)
             ... on level 1 of the Dungeon.
             The game lasted 00:00:26 (523 turns).

Malachi the Skirmisher (Naga Fighter)                Turns: 523, Time: 00:00:27

Health: -2/28      AC:  4    Str: 18    XL:     2   Next: 50%
Magic:  2/2        EV:  5    Int:  8    God:
Gold:   43         SH:  7    Dex: 10    Spells: 1/1 levels left

rFire   . . .      SeeInvis +   a - +0 trident
rCold   . . .      Faith    .   c - +0 kite shield
rNeg    . . .      Spirit   .   b - +0 scale mail
rPois   +          Reflect  .   (no helmet)
rElec   .          Harm     .   (no cloak)
rCorr   .          Rampage  .   (no gloves)
Will    .....                   (no barding)
Stlth   ..........              (no amulet)
HPRegen 0.09/turn               (no ring)
MPRegen 0.08/turn               (no ring)

@: very slow
A: AC +0, large, see invisible, deformed body, poison resistance, slowness 2,
spit poison 1, naga tail 1
a: Spit Poison


You were on level 1 of the Dungeon.
You visited 1 branch of the dungeon, and saw 1 of its levels.

You collected 43 gold pieces.

Inventory:

Hand Weapons
 a - a +0 trident (weapon)
Missiles
 f - a throwing net
Armour
 b - a +0 scale mail (worn)
 c - a +0 kite shield (worn)
Scrolls
 e - a scroll of enchant weapon {unknown}
Potions
 d - a potion of might


   Skills:
 + Level 3.2 Fighting
 + Level 2.1 Polearms
 + Level 2.7 Armour
 + Level 2.5 Shields


You had one spell level left.
You didn't know any spells.
Your spell library was empty.

Dungeon Overview and Level Annotations

Branches:
Dungeon (1/15)

Altars:


Innate Abilities, Weirdness & Mutations

Your serpentine skin is tough. (AC +0)
You have supernaturally acute eyesight. (SInv)
Armour fits poorly on your strangely shaped body.
Your system is resistant to poisons. (rPois)
You cover ground very slowly.
You can spit poison.
You have a snake-like lower body.


Message History

Okay, then.
Abil: Spit Poison
Press: ? - help, Q - select action, (/) - cycle Shift-Dir - straight line, f - kobold
Aim: a kobold, wielding a +0 whip (heavily wounded)
The splash of poison hits the kobold but does no damage.
The kobold is poisoned.
The kobold is heavily wounded.
The quokka bites you. You block the kobold's attack.
The ball python bites you but does no damage.
You are too injured to fight recklessly!
You are too injured to fight recklessly!
You are too injured to fight recklessly!
Unknown command.
You puncture the kobold!
You kill the kobold!
The quokka bites you.
The ball python bites you but does no damage.
The quokka bites you.
* * * LOW HITPOINT WARNING * * *
The ball python bites you but does no damage.
Your shield and scale mail prevent you from hitting the quokka.
The quokka barely misses you. You block the ball python's attack.
The quokka bites you but does no damage.
You barely miss the quokka. You block the ball python's attack.
The quokka completely misses you.
The ball python bites you but does no damage.
You puncture the quokka!
You kill the quokka!
You have got your breath back.
The ball python bites you.
* * * LOW HITPOINT WARNING * * *
The ball python bites you.
* * * LOW HITPOINT WARNING * * *
You closely miss the ball python.
The ball python bites you but does no damage.
Your shield and scale mail prevent you from hitting the ball python.
The ball python bites you but does no damage.
You block the ball python's attack.
You closely miss the ball python. The ball python bites you.
You die...

## ####### ... .....#
...#....# #.#....##
######### #.......
.........
#.....############...
#..)S†..........#....
##...@..#######.##..##
#........[............
##.#.....######.....#.
#.#####.######...#.#.
.>...................
#.############.......
###############
.........#.....
.........#.####


You could see a ball python.

Vanquished Creatures
  2 bats (D:1)
  2 hobgoblins (D:1)
  A kobold (D:1)
  3 quokkas (D:1)
  2 ball pythons (D:1)
  A frilled lizard (D:1)
  2 goblins (D:1)
13 creatures vanquished.

Vanquished Creatures (others)
  A fungus (D:1)
  3 plants (D:1)
4 creatures vanquished.

Grand Total: 17 creatures vanquished

Notes
Turn   | Place    | Note
-------+----------+-------------------------------------------
     0 | D:1      | Malachi the Naga Fighter began the quest for the Orb.
     0 | D:1      | Reached XP level 1. HP: 21/21 MP: 1/1
     3 | D:1      | Found a faded altar of an unknown god.
   112 | D:1      | Reached XP level 2. HP: 28/28 MP: 2/2
   520 | D:1      | HP: 1/28 [ball python (3)]
   523 | D:1      | Slain by a ball python

Illustrated notes

Levels and vault maps discovered:
D:1:      dpeg_arrival_tiny_g, layout_basic, dreamdust_ecumenical_altar_grove,
          bh_walls_and_bars

Action                   || total
-------------------------++-------
Melee: Trident           ||    59
 Abil: Spit Poison       ||     1
Armor: Scale mail        ||    28
Dodge: Dodged            ||    15
Block: Kite shield       ||    18

Table legend: (Time is in decaauts)
 A = Elapsed time spent in this place.
 B = Non-inter-level travel time spent in this place.
 C = Inter-level travel time spent in this place.
 D = Time resting spent in this place.
 E = Time spent auto-exploring this place.
 F = Levels seen in this place.
 G = Mean time per level.
                   A        B        C        D        E       F      G
               +--------+--------+--------+--------+--------+-----+--------+
         Total |    639 |    639 |      0 |      0 |    514 |   1 |  639.0 |
       Dungeon |    639 |    639 |      0 |      0 |    514 |   1 |  639.0 |
               +--------+--------+--------+--------+--------+-----+--------+

Top non-repeatable levels by time:
     D:1: 639 daAuts
